 Dungeon Crawl Stone Soup version 0.28-a0-1374-ga75cb3825e (webtiles) character file.

Game seed: 519189009231734318

158 Crownlay the Chiller (level 5, -6/37 HPs)
             Began as a Gnoll Ice Elementalist on Dec 31, 2021.
             Mangled by halftheisland's ghost (10 damage)
             ... on level 3 of the Dungeon.
             The game lasted 00:05:59 (2659 turns).

Crownlay the Chiller (Gnoll Ice Elementalist)       Turns: 2659, Time: 00:05:59

Health: -6/37      AC:  9    Str:  7    XL:     5   Next: 39%
Magic:  6/12       EV: 13    Int: 17    God:
Gold:   143        SH:  0    Dex: 12    Spells: 7/14 levels left

rFire   . . .      SeeInvis +   j - +1 dagger (vamp)
rCold   . . .      Faith    .   (no shield)
rNeg    . . .      Spirit   .   a - +0 robe
rPois   .          Reflect  .   (no helmet)
rElec   .          Harm     .   (no cloak)
rCorr   .          Rampage  .   (no gloves)
Will    +....                   (no boots)
Stlth   +++.......              (no amulet)
HPRegen 0.12/turn               b - ring of willpower
MPRegen 0.13/turn               m - ring of see invisible

@: mighty, lethally poisoned (-6 -> -13), ice-armoured
A: fangs 1, strong nose, distributed training
a: no special abilities


You were on level 3 of the Dungeon.
You visited 1 branch of the dungeon, and saw 3 of its levels.

You collected 143 gold pieces.

Inventory:

Hand Weapons
 j - a +1 vampiric dagger (weapon)
Armour
 a - a +0 robe (worn)
Jewellery
 b - a ring of willpower (left hand)
 m - a ring of see invisible (right hand)
Scrolls
 c - a scroll of brand weapon {unknown}
 d - 2 scrolls of vulnerability {unknown}
 e - a scroll of identify {unknown}
 i - 2 scrolls of teleportation {unknown}
 k - 2 scrolls of enchant armour {unknown}
Potions
 f - a potion of might
 g - 2 potions of haste {unknown}
 h - a potion of mutation {unknown}
 l - 2 potions of flight {unknown}


   Skills:
 + Level 1.4 Fighting
 + Level 1.4 Short Blades
 + Level 1.4 Long Blades
 + Level 1.4 Axes
 + Level 1.4 Maces & Flails
 + Level 1.4 Polearms
 + Level 1.4 Staves
 + Level 1.4 Slings
 + Level 1.4 Bows
 + Level 1.4 Crossbows
 + Level 1.4 Throwing
 + Level 1.4 Armour
 + Level 4.8 Dodging
 + Level 4.4 Stealth
 + Level 1.4 Shields
 + Level 1.4 Unarmed Combat
 + Level 5.2 Spellcasting
 + Level 1.1 Conjurations
 + Level 1.1 Hexes
 + Level 1.1 Summonings
 + Level 1.1 Necromancy
 + Level 1.1 Translocations
 + Level 1.1 Transmutations
 + Level 1.1 Fire Magic
 + Level 7.2 Ice Magic
 + Level 1.1 Air Magic
 + Level 1.1 Earth Magic
 + Level 1.1 Poison Magic
 + Level 1.6 Invocations
 + Level 1.4 Evocations


You had 7 spell levels left.
You knew the following spells:

 Your Spells              Type           Power      Damage    Failure   Level
a - Freeze                Ice            100%       1d11      1%          1
b - Frozen Ramparts       Ice            56%        1d7       2%          3
c - Ozocubu's Armour      Ice            28%        N/A       2%          3

Your spell library contained the following spells:

 Spells                   Type           Power      Damage    Failure   Level
 Corpse Rot               Necr/Air       16%        N/A       13%         2
 Hailstorm                Conj/Ice       18%        3d6       24%         4
 Dispel Undead            Necr           8%         3d8       65%         4
 Death Channel            Necr           4%         N/A       100%        6


Dungeon Overview and Level Annotations

Branches:
Dungeon (3/15)

Altars:
Elyvilon
Nemelex Xobeh

Shops:
D:1 (

Annotations:
D:3 halftheisland's ghost, amateur TrBe


Innate Abilities, Weirdness & Mutations

You have very sharp teeth.
Your uncanny sense of smell can sniff out nearby items.
Your experience applies equally to all skills.


Message History

You feel sick.
The wall freezes the kobold.
You kill the kobold!
The wall freezes the kobold.
You kill the kobold!
The wall freezes the kobold brigand.
The kobold brigand hits you with a +2 whip of venom.
You are more poisoned.
You hit the kobold brigand but do no damage.
The kobold brigand is severely wounded.
You feel very sick.
The wall freezes the kobold.
The wall freezes the kobold brigand.
The kobold brigand hits you but does no damage.
You are more poisoned.
You miss the kobold brigand.
The kobold brigand is almost dead.
You feel very sick.
Halftheisland's ghost resists.
The wall freezes halftheisland's ghost.
The wall freezes the kobold.
You kill the kobold!
The wall freezes the kobold brigand.
You kill the kobold brigand!
You have reached level 5!
You feel very sick.
Halftheisland's ghost completely resists.
The wall freezes halftheisland's ghost but does no damage.
The wall freezes the kobold.
You kill the kobold!
Halftheisland's ghost resists.
The wall freezes halftheisland's ghost.
Halftheisland's ghost hits you!
* * * LOW HITPOINT WARNING * * *
You hit halftheisland's ghost.
Halftheisland's ghost is lightly damaged.
The frozen ramparts melt away.
* * * LOW HITPOINT WARNING * * *
You feel very sick.
It was a potion of might.
You feel very mighty all of a sudden.
* * * LOW HITPOINT WARNING * * *
You feel sick. Halftheisland's ghost hits you!
You die...

#### #># #.##.
##.$?###.# #.##.
##.....##.####.##.
#≈.#.#.≈#...PPP..P
#⌠.#.#.⌠#....#PP#.
#≈.#.#.≈#...≈≈≈≈≈≈
###.....##.#.......
#.##)''##.##.≈≈≈≈≈≈
#.@W)).......P#..#.
#.###....###.....PP
#.# ##...# #.###..)
#.# #...###.# #..#
#.# #....##.# #..#
#.####(.#<##.# #..#
#............###..#
##.###)...........#
#.# #..#.##.####.#


You could see halftheisland's ghost.

Vanquished Creatures
  A kobold brigand (D:3)
  An orc wizard (D:3)
  An adder (D:2)
  An adder skeleton (D:2)
  A dart slug (D:1)
  3 orcs (D:3)
  A bat (D:2)
  3 endoplasms
  2 giant cockroaches
  5 goblins
  3 hobgoblins
  18 kobolds
  9 ball pythons
  A frilled lizard (D:2)
  A rat (D:2)
51 creatures vanquished.

Vanquished Creatures (others)
  2 fungi (D:3)
  6 plants (D:3)
8 creatures vanquished.

Grand Total: 59 creatures vanquished

Notes
Turn   | Place    | Note
-------+----------+-------------------------------------------
     0 | D:1      | Crownlay the Gnoll Ice Elementalist began the quest for the
                  | Orb.
     0 | D:1      | Reached XP level 1. HP: 13/13 MP: 6/6
   144 | D:1      | Reached XP level 2. HP: 19/19 MP: 0/7
   272 | D:1      | Found Larhaef's Weapon Boutique.
   689 | D:2      | Reached XP level 3. HP: 18/25 MP: 5/9
   694 | D:2      | Reached skill level 5 in Spellcasting
   698 | D:2      | Learned a level 3 spell: Frozen Ramparts
   702 | D:2      | Learned a level 3 spell: Ozocubu's Armour
  1204 | D:2      | Reached skill level 1 in Invocations
  1809 | D:3      | Noticed halftheisland's ghost (amateur TrBe)
  1810 | D:3      | Found a runed translucent gate.
  1810 | D:3      | Found a runed translucent gate.
  1810 | D:3      | Found a runed translucent gate.
  1811 | D:3      | Noticed a kobold brigand
  1827 | D:3      | Reached skill level 1 in Fighting
  1827 | D:3      | Reached skill level 1 in Short Blades
  1827 | D:3      | Reached skill level 1 in Long Blades
  1827 | D:3      | Reached skill level 1 in Axes
  1827 | D:3      | Reached skill level 1 in Maces & Flails
  1827 | D:3      | Reached skill level 1 in Polearms
  1827 | D:3      | Reached skill level 1 in Staves
  1827 | D:3      | Reached skill level 1 in Slings
  1827 | D:3      | Reached skill level 1 in Bows
  1827 | D:3      | Reached skill level 1 in Crossbows
  1827 | D:3      | Reached skill level 1 in Throwing
  1827 | D:3      | Reached skill level 1 in Armour
  1827 | D:3      | Reached skill level 1 in Shields
  1827 | D:3      | Reached skill level 1 in Unarmed Combat
  1827 | D:3      | Reached skill level 1 in Evocations
  1900 | D:3      | Found a white marble altar of Elyvilon.
  2045 | D:3      | Reached XP level 4. HP: 23/32 MP: 1/11
  2245 | D:3      | Found a sparkling altar of Nemelex Xobeh.
  2533 | D:3      | Found a faded altar of an unknown god.
  2654 | D:3      | Reached skill level 1 in Conjurations
  2654 | D:3      | Reached skill level 1 in Hexes
  2654 | D:3      | Reached skill level 1 in Summonings
  2654 | D:3      | Reached skill level 1 in Necromancy
  2654 | D:3      | Reached skill level 1 in Translocations
  2654 | D:3      | Reached skill level 1 in Transmutations
  2654 | D:3      | Reached skill level 1 in Fire Magic
  2654 | D:3      | Reached skill level 1 in Air Magic
  2654 | D:3      | Reached skill level 1 in Earth Magic
  2654 | D:3      | Reached skill level 1 in Poison Magic
  2656 | D:3      | Killed a kobold brigand
  2657 | D:3      | Reached XP level 5. HP: 22/37 MP: 5/12
  2659 | D:3      | Mangled by halftheisland's ghost

Illustrated notes

Levels and vault maps discovered:
D:1:      mrwooster_arrival_statue, layout_rooms, serial_shops,
          nicolae_shop_bloodbath_and_beyond
D:2:      layout_rooms
D:3:      layout_loops_ring, nicolae_elyvilon_temple_path,
          mainiacjoe_overflow_catwalk, gammafunk_ghost_nasty_kobolds,
          shapermc_ecumenical_altar_venn

Skill      XL: |  1  2  3  4 |
---------------+-------------+-----
Spellcasting   | 5 |  5.2
Invocations    | 1 |  1.6
Fighting       | 1 |  1.4
Short Blades   | 1 |  1.4
Long Blades    | 1 |  1.4
Axes           | 1 |  1.4
Maces & Flails | 1 |  1.4
Polearms       | 1 |  1.4
Staves         | 1 |  1.4
Slings         | 1 |  1.4
Bows           | 1 |  1.4
Crossbows      | 1 |  1.4
Throwing       | 1 |  1.4
Armour         | 1 |  1.4
Shields        | 1 |  1.4
Unarmed Combat | 1 |  1.4
Evocations     | 1 |  1.4
Conjurations   | 1 |  1.1
Hexes          | 1 |  1.1
Summonings     | 1 |  1.1
Necromancy     | 1 |  1.1
Translocations | 1 |  1.1
Transmutations | 1 |  1.1
Fire Magic     | 1 |  1.1
Air Magic      | 1 |  1.1
Earth Magic    | 1 |  1.1
Poison Magic   | 1 |  1.1
Dodging        | |  4.8
Stealth        | |  4.4
Ice Magic      | |  7.2

Action                   |  1- 3 |  4- 6 || total
-------------------------+-------+-------++-------
Melee: Whip              |    58 |       ||    58
       Bite              |     7 |     1 ||     8
       Dagger            |    35 |    20 ||    55
       Punch             |     1 |       ||     1
 Cast: Freeze            |    35 |       ||    35
       Frozen Ramparts   |     2 |     1 ||     3
       Ozocubu's Armour  |     1 |     1 ||     2
  Use: Potion            |       |     1 ||     1
 Stab: Sleeping          |     2 |       ||     2
Armor: Robe              |    19 |     5 ||    24
Dodge: Dodged            |    90 |     6 ||    96

Table legend: (Time is in decaauts)
 A = Elapsed time spent in this place.
 B = Non-inter-level travel time spent in this place.
 C = Inter-level travel time spent in this place.
 D = Time resting spent in this place.
 E = Time spent auto-exploring this place.
 F = Levels seen in this place.
 G = Mean time per level.
                   A        B        C        D        E       F      G
               +--------+--------+--------+--------+--------+-----+--------+
         Total |   2657 |   2612 |     45 |      0 |   2246 |   3 |  885.7 |
       Dungeon |   2657 |   2612 |     45 |      0 |   2246 |   3 |  885.7 |
               +--------+--------+--------+--------+--------+-----+--------+

Top non-repeatable levels by time:
     D:2: 1132 daAuts
     D:3: 860 daAuts
     D:1: 665 daAuts
